 Dungeon Crawl Stone Soup version 0.29.1-2-gbd0b4ee654 (webtiles) character file.

Game seed: 7654582912463900176

387 Linkola the Chopper (level 6, 0/53 HPs)
             Began as a Minotaur Fighter on Nov 17, 2022.
             Was an Initiate of Okawaru.
             Succumbed to a killer bee's poison
             ... on level 4 of the Dungeon.
             The game lasted 00:08:47 (3757 turns).

Linkola the Chopper (Minotaur Fighter)              Turns: 3757, Time: 00:08:48

Health: 0/53       AC: 13    Str: 23    XL:     6   Next: 49%
Magic:  5/5        EV:  8    Int:  5    God:    Okawaru [......]
Gold:   251        SH:  4    Dex:  9    Spells: 5/5 levels left

rFire   . . .      SeeInvis .   a - +1 war axe (chaos)
rCold   . . .      Faith    .   c - +0 buckler
rNeg    . . .      Spirit   .   w - +0 chain mail
rPois   .          Reflect  .   (helmet restricted)
rElec   .          Harm     .   h - +0 cloak
rCorr   .          Rampage  .   b - +0 pair of gloves
Will    .....                   f - +0 pair of boots
Stlth   ..........              (no amulet)
HPRegen 0.17/turn               (no ring)
MPRegen 0.09/turn               (no ring)

@: lethally poisoned (0 -> -17)
A: horns 2, retaliatory headbutt
a: Renounce Religion


You were on level 4 of the Dungeon.
You worshipped Okawaru.
Okawaru was noncommittal.
You visited 2 branches of the dungeon, and saw 6 of its levels.

You collected 251 gold pieces.

Inventory:

Hand Weapons
 a - a +1 war axe of chaos (weapon)
Missiles
 j - 8 poisoned darts (quivered)
 q - 17 stones
 u - a throwing net
 v - a boomerang
Armour
 b - a +0 pair of gloves (worn)
 c - a +0 buckler (worn)
 f - a +0 pair of boots (worn)
 h - a +0 cloak (worn)
 w - a +0 chain mail (worn)
Scrolls
 e - 2 scrolls of poison
 o - a scroll of fog
 s - 3 scrolls of magic mapping
Potions
 d - 2 potions of might
 g - 3 potions of heal wounds
 i - 3 potions of flight
 k - 2 potions of brilliance {unknown}
 l - 5 potions of curing
 m - a potion of resistance {unknown}
 n - a potion of invisibility {unknown}


   Skills:
 + Level 4.4 Fighting
 + Level 5.4 Axes
 * Level 2.9 Throwing
 + Level 4.9 Armour
 + Level 1.0 Dodging
 + Level 4.3 Shields


You had 5 spell levels left.
You didn't know any spells.
Your spell library contained the following spells:

 Spells                   Type           Power      Damage    Failure   Level
 Foxfire                  Conj/Fire      0%         2x1d4     99%         1
 Ensorcelled Hibernation  Hex/Ice        0%         N/A       100%        2
 Conjure Flame            Conj/Fire      0%         6-21      100%        3
 Inner Flame              Hex/Fire       0%         N/A       100%        3
 Ozocubu's Armour         Ice            0%         N/A       100%        3
 Spider Form              Tmut/Pois      0%         N/A       100%        3
 Stone Arrow              Conj/Erth      0%         3d7       100%        3
 Anguish                  Hex/Necr       0%         N/A       100%        4
 Flame Wave               Conj/Fire      0%         2d4       100%        4
 Ozocubu's Refrigeration  Ice            0%         4d7       100%        7
 Lehudib's Crystal Spear  Conj/Erth      0%         10d2      100%        8
 Animate Armour           Summ/Erth      Unusable   N/A       N/A         4

Dungeon Overview and Level Annotations

Branches:
Dungeon (5/15)             Temple (1/1) D:4

Altars:
Cheibriados
Dithmenos
Elyvilon
Gozag
Kikubaaqudgha
Okawaru
Qazlal
Sif Muna
Trog
Uskayaw
Yredelemnul

Shops:
D:4 (


Innate Abilities, Weirdness & Mutations

You have a pair of horns on your head.
You reflexively headbutt those who attack you in melee.


Message History

The killer bee closely misses you. You furiously retaliate!
You headbutt the killer bee. You block the killer bee's attack.
The killer bee stings you but does no damage.
The killer bee stings you.
You are more poisoned.
The killer bee poisons you! The killer bee closely misses you.
You furiously retaliate!
You headbutt the killer bee!
You kill the killer bee!
Okawaru accepts your kill. The killer bee stings you.
The killer bee stings you but does no damage.
The killer bee stings you.
You are more poisoned.
The killer bee poisons you!
You slash the killer bee!
You kill the killer bee!
Okawaru accepts your kill.
You closely miss the killer bee.
You feel extremely sick.
The killer bee stings you but does no damage.
The killer bee stings you.
Your Dodging skill increases to level 1!
You closely miss the killer bee.
The killer bee is lightly wounded.
You feel very sick. The killer bee stings you.
* * * LOW HITPOINT WARNING * * *
You are more poisoned.
The killer bee poisons you! The killer bee barely misses you.
You block the killer bee's attack.
You barely miss the killer bee.
The killer bee is lightly wounded.
* * * LOW HITPOINT WARNING * * *
You feel very sick. The killer bee barely misses you. You furiously retaliate!
You headbutt the killer bee, but do no damage.
You block the killer bee's attack.
You closely miss the killer bee.
The killer bee is lightly wounded.
You die...

.#.#..###.#.#...#.#...#.#
.#....###...###.#.#.###.#
.#........#...#.#.#.#...#
.....####.#._........._.#
......# #.#...#.#.#.#...#
##.##.# #...###.#.#.###.#
...##.# #.#...#.#...#.#
#####.# #.#.###.###.#.# #
#.# #..!..@.......# # #.#
......y†.....### # #.#
############## # #.# #
#.# #####.# ......#
#######


You could see a killer bee.

Vanquished Creatures
  An ice beast (D:3)
  An ogre (D:5)
  2 killer bees (D:4)
  4 adders
  An ufetubus (D:4)
  2 worms (D:2)
  5 dart slugs
  5 endoplasms
  5 giant cockroaches
  3 goblins
  7 hobgoblins
  6 jackals
  4 kobolds
  3 quokkas
  3 training dummies (D:4)
  11 ball pythons
  5 bats
  2 frilled lizards
  4 rats
74 creatures vanquished.

Vanquished Creatures (others)
  2 fungi (D:1)
  3 plants (D:1)
5 creatures vanquished.

Grand Total: 79 creatures vanquished

Notes
Turn   | Place    | Note
-------+----------+-------------------------------------------
     0 | D:1      | Linkola the Minotaur Fighter began the quest for the Orb.
     0 | D:1      | Reached XP level 1. HP: 19/19 MP: 0/0
   287 | D:1      | Reached XP level 2. HP: 27/27 MP: 1/1
   445 | D:1      | Reached skill level 3 in Axes
   622 | D:1      | Reached skill level 1 in Throwing
   622 | D:1      | Found a faded altar of an unknown god.
   700 | D:1      | Reached XP level 3. HP: 31/33 MP: 2/2
  1266 | D:2      | Reached XP level 4. HP: 35/40 MP: 3/3
  1645 | D:3      | Noticed an ice beast
  1654 | D:3      | Killed an ice beast
  1655 | D:3      | Reached skill level 4 in Axes
  1655 | D:3      | Reached XP level 5. HP: 20/46 MP: 4/4
  2480 | D:3      | Found a shimmering blue altar of Sif Muna.
  2671 | D:4      | Found an opulent altar of Gozag.
  2867 | D:4      | Found a white marble altar of Elyvilon.
  2931 | D:4      | Found a staircase to the Ecumenical Temple.
  2941 | Temple   | Entered the Ecumenical Temple
  3117 | D:4      | Found Uzyby's Firing Range.
  3238 | D:4      | Found an iron altar of Okawaru.
  3238 | D:4      | Found a snail-covered altar of Cheibriados.
  3247 | D:4      | You fall into a shaft and drop 1 floor!
  3247 | D:5      | Entered Level 5 of the Dungeon
  3270 | D:5      | Noticed an ogre
  3276 | D:5      | Killed an ogre
  3277 | D:5      | Reached skill level 5 in Axes
  3277 | D:5      | Reached XP level 6. HP: 4/53 MP: 5/5
  3739 | D:4      | Became a worshipper of Warmaster Okawaru
  3755 | D:4      | Reached skill level 1 in Dodging
  3757 | D:4      | Succumbed to a killer bee's poison

Illustrated notes

Levels and vault maps discovered:
D:1:      lightli_iron_boxes, layout_basic,
          shapermc_ecumenical_altar_hornbeckon, minmay_misc_feat_chi,
          minmay_quantized
D:2:      layout_rooms
D:3:      layout_loops_ring, mainiacjoe_overflow_alcove_4,
          chequers_serial_rivers_large_b, minivault_5, reono_crystal_passage
D:4:      layout_loops_ring, nicolae_gozag_seed_capital, lemuel_doored_altar,
          mainiacjoe_overflow_large_starburst, minmay_temple_entry_arrows,
          nicolae_shop_firing_range
D:5:      layout_cave_pods, mainiacjoe_overflow_tiny_flanked,
          gammafunk_ghost_grave, kennysheep_cross_bottleneck,
          serial_bayou_pond_b
Temple:   nicolae_temple_bog_church

Skill      XL: |  1  2  3  4  5  6 |
---------------+-------------------+-----
Axes           | 3 4 5 |  5.4
Throwing       | 1 2 |  2.9
Fighting       | 4 |  4.4
Shields        | 4 |  4.3
Armour         | 4 |  4.9
Dodging        | 1 |  1.0

Action                   |  1- 3 |  4- 6 || total
-------------------------+-------+-------++-------
Melee: War axe           |    73 |    74 ||   147
       Headbutt          |     9 |     7 ||    16
Throw: Stone             |    24 |    11 ||    35
       Dart              |       |     3 ||     3
  Use: Scroll            |     4 |    10 ||    14
Armor: Scale mail        |    34 |    19 ||    53
       Chain mail        |       |    25 ||    25
Dodge: Dodged            |    40 |    25 ||    65
Block: Buckler           |    23 |    18 ||    41
